 Dungeon Crawl Stone Soup version 0.30-a0-726-gd89dcf765f (webtiles) character file.

Game seed: 10126334051192207740

51 jimonade the Cutter (level 3, 0/18 HPs)
             Began as a Vine Stalker Gladiator on Jan 30, 2023.
             Slain by Terence
             ... wielding a +0 hand axe
              (2 damage)
             ... on level 2 of the Dungeon.
             The game lasted 00:01:55 (1181 turns).

jimonade the Cutter (Vine Stalker Gladiator)        Turns: 1181, Time: 00:01:56

Health: 0/18       AC:  8    Str: 16    XL:     3   Next: 83%
Magic:  0/4        EV: 11    Int:  8    God:
Gold:   162        SH:  0    Dex: 17    Spells: 2/2 levels left

rFire   . . .      SeeInvis .    a - +0 rapier
rCold   . . .      Faith    .    (no shield)
rNeg    . . .      Spirit   +    l - +0 ring mail
rPois   .          Reflect  .    c - +0 helmet
rElec   .          Harm     .    k - +0 cloak
rCorr   .          Rampage  .    (no gloves)
Will    .....                    t - +0 pair of boots
Stlth   +                        q - amulet of magic regeneration
HPRegen 0.23/turn                (no ring)
MPRegen 0.49/turn                (no ring)

@: no status effects
A: fangs 2, magic shield, antimagic bite, no potion heal 2
a: no special abilities


You were on level 2 of the Dungeon.
You visited 1 branch of the dungeon, and saw 2 of its levels.

You collected 162 gold pieces.

Inventory:

Hand Weapons
 a - a +0 rapier (weapon)
Missiles
 d - 3 throwing nets (quivered)
 e - a javelin
 m - 4 stones
 o - 3 poisoned darts
Armour
 b - a +0 leather armour
 c - a +0 helmet (worn)
 k - a +0 cloak (worn)
 l - a +0 ring mail (worn)
 t - a +0 pair of boots (worn)
Jewellery
 q - an amulet of magic regeneration (around neck)
Scrolls
 f - 4 scrolls of identify {unknown}
 h - a scroll of brand weapon {unknown}
Potions
 g - 3 potions of heal wounds {unknown}
 i - a potion of cancellation {unknown}
 j - 2 potions of berserk rage {unknown}
 n - a potion of curing
 p - a potion of haste {unknown}
 r - a potion of lignification {unknown}
 s - a potion of flight {unknown}


   Skills:
 + Level 1.9 Fighting
 * Level 3.6 Short Blades
 + Level 2.0 Throwing
 + Level 0.3 Armour
 + Level 2.8 Dodging


You had 2 spell levels left.
You didn't know any spells.
Your spell library contained the following spells:

 Spells                   Type           Power      Damage    Failure   Level
 Slow                     Hex            0%         N/A       63%         1
 Summon Small Mammal      Summ           0%         N/A       63%         1
 Cigotuvi's Dreadful Rot  Necr/Pois/Air  0%         N/A       77%         2
 Lesser Beckoning         Tloc           0%         N/A       77%         2
 Static Discharge         Conj/Air       0%         2-2/arc   77%         2
 Call Canine Familiar     Summ           0%         N/A       94%         3
 Confusing Touch          Hex            0%         N/A       94%         3
 Gell's Gravitas          Tloc           0%         N/A       94%         3
 Summon Guardian Golem    Hex/Summ       0%         N/A       94%         3
 Teleport Other           Tloc           0%         N/A       94%         3
 Tukima's Dance           Hex            0%         N/A       94%         3
 Vampiric Draining        Necr           0%         2d6       94%         3
 Vhi's Electric Charge    Tloc/Air       0%         N/A       94%         3
 Dispel Undead            Necr           0%         3d6       100%        4
 Passage of Golubria      Tloc           0%         N/A       100%        4
 Arcjolt                  Conj/Air       0%         1d10      100%        5
 Lightning Bolt           Conj/Air       0%         1d11      100%        5
 Yara's Violent Unravell  Hex/Tmut       0%         3d3       100%        5
 Death Channel            Necr           0%         N/A       100%        6


Dungeon Overview and Level Annotations

Branches:
Dungeon (2/15)

Altars:
Elyvilon

Annotations:
D:2 Terence


Innate Abilities, Weirdness & Mutations

You have extremely sharp teeth.
When hurt, damage is shared between your health and your magic reserves.
Your bite disrupts and absorbs the magic of your enemies.
Potions cannot restore your health.


Message History

Terence is severely wounded.
Terence hits you with a +0 hand axe.
* * * LOW HITPOINT WARNING * * *
You hit Terence. Your bite misses Terence.
Terence is almost dead.
Terence shouts, "Get ready for death!"
Terence hits you with a +0 hand axe.
* * * LOW HITPOINT WARNING * * *
A hobgoblin comes into view.
You closely miss Terence.
Terence is almost dead.
The hobgoblin shouts!
Terence hits you with a +0 hand axe.
* * * LOW HITPOINT WARNING * * *
You hit Terence but do no damage.
Terence is severely wounded.
Terence closely misses you.
You hit Terence.
Terence is almost dead.
Terence hits you with a +0 hand axe.
You hit Terence but do no damage. You bite Terence, but do no damage.
Terence is almost dead.
Terence barely misses you.
You barely miss Terence. You bite Terence, but do no damage.
Terence is almost dead.
Terence hits you but does no damage.
You hit Terence but do no damage.
Terence is almost dead.
Terence barely misses you. x2
You closely miss Terence.
Terence is almost dead.
Terence barely misses you.
You closely miss Terence.
Terence is almost dead.
Terence hits you with a +0 hand axe.
* * * LOW HITPOINT WARNING * * *
You hit Terence but do no damage.
Terence is almost dead.
Terence hits you with a +0 hand axe.
You die...

#...#..# ###.#.......#.#
#...#..# #...##.######.#
#.#.####..#.##..........#
#.........#.##.#.########
#.#######.#.##.#.#
#.........#.##.#.#
#.#########.##.#.###
'...........##.#...#
#)#.######..##.#@###
#...# #..##.#@#
#..†######..##.#g#
#.#............#.#
#.##############.#
#......... ... #.########
#.# ..# #.. .##


You could see Terence and a hobgoblin.

Vanquished Creatures
  An adder (D:2)
  A dart slug (D:1)
  4 endoplasms
  3 hobgoblins
  2 jackals (D:1)
  3 kobolds
  3 quokkas
  5 ball pythons
  5 bats
  5 frilled lizards
  3 goblins
  A rat (D:2)
36 creatures vanquished.

Notes
Turn   | Place    | Note
-------+----------+-------------------------------------------
     0 | D:1      | jimonade the Vine Stalker Gladiator began the quest for the
                  | Orb.
     0 | D:1      | Reached XP level 1. HP: 11/11 MP: 2/2
   132 | D:1      | Reached XP level 2. HP: 15/15 MP: 3/3
   149 | D:1      | Reached skill level 3 in Short Blades
   594 | D:2      | Reached XP level 3. HP: 18/18 MP: 4/4
   616 | D:2      | Found a white marble altar of Elyvilon.
  1150 | D:2      | Noticed Terence
  1181 | D:2      | Slain by Terence

Illustrated notes

Levels and vault maps discovered:
D:1:      dpeg_arrival_fog, layout_rooms, st_stairs_14
D:2:      layout_basic, basic_altar, minmay_door_square, minmay_tetromino_t4,
          uniq_terence

Skill      XL: |  1  2 |
---------------+-------+-----
Short Blades   | 3 |  3.6
Throwing       | 2 |  2.0
Fighting       | |  1.9
Armour         | |  0.3
Dodging        | |  2.8

Action                     || total
---------------------------++-------
  Melee: Rapier            ||   134
         Bite              ||    32
         Punch             ||     1
 Armour: Leather armour    ||    17
         Ring mail         ||    29
  Dodge: Dodged            ||    79

Table legend: (Time is in decaauts)
 A = Elapsed time spent in this place.
 B = Non-inter-level travel time spent in this place.
 C = Inter-level travel time spent in this place.
 D = Time resting spent in this place.
 E = Time spent auto-exploring this place.
 F = Levels seen in this place.
 G = Mean time per level.
                   A        B        C        D        E       F      G
               +--------+--------+--------+--------+--------+-----+--------+
         Total |   1185 |   1159 |     26 |      0 |    826 |   2 |  592.5 |
       Dungeon |   1185 |   1159 |     26 |      0 |    826 |   2 |  592.5 |
               +--------+--------+--------+--------+--------+-----+--------+

Top non-repeatable levels by time:
     D:2: 594 daAuts
     D:1: 590 daAuts
